 Dungeon Crawl Stone Soup version 0.27-a0-1149-g4505690ab0 (webtiles) character file.

Game seed: 4012977447073603668

141 kae the Skirmisher (level 5, -2/42 HPs)
             Began as a Demonspawn Fighter on May 12, 2021.
             Was an Initiate of Okawaru.
             Slain by a phantom (7 damage)
             ... on level 4 of the Dungeon.
             The game lasted 00:02:10 (3273 turns).

kae the Skirmisher (Demonspawn Fighter)             Turns: 3273, Time: 00:02:10

Health: -2/42      AC:  7    Str: 17    XL:     5   Next: 3%
Magic:  5/5        EV:  7    Int:  9    God:    Okawaru [......]
Gold:   163        SH: 12    Dex: 13    Spells: 4/4 levels left

rFire    . . .     SeeInvis +   a - +0 long sword
rCold    . . .     Faith    .   c - +0 kite shield
rNeg     . . .     Spirit   .   b - +1 scale mail
rPois    .         Reflect  .   (no helmet)
rElec    .         Harm     .   (no cloak)
rCorr    .         Rampage  .   (no gloves)
Will     .....                  (no boots)
Stlth    ..........             (no amulet)
HPRegen  0.14/turn              f - ring of see invisible
MPRegen  0.09/turn              (no ring)

@: attractive, very slightly contaminated, invisible
A: sturdy frame 1, condensation shield
a: Renounce Religion


You were on level 4 of the Dungeon.
You worshipped Okawaru.
Okawaru was noncommittal.
You visited 1 branch of the dungeon, and saw 4 of its levels.

You collected 163 gold pieces.

Inventory:

Hand Weapons
 a - a +0 long sword (weapon)
Armour
 b - a +1 scale mail (worn)
 c - a +0 kite shield (worn)
Jewellery
 f - a ring of see invisible (left hand)
 g - a ring of protection from cold
 h - a ring of ice
Scrolls
 i - 2 scrolls of identify
 k - a scroll of acquirement {unknown}


   Skills:
 + Level 4.0 Fighting
 * Level 4.0 Long Blades
 - Level 2.6 Armour
 - Level 2.6 Shields
 + Level 0.0 Invocations


You had 4 spell levels left.
You didn't know any spells.
Your spell library contained the following spells:

 Spells                   Type           Power      Damage    Failure   Level
 Magic Dart               Conj           0%         1d3       99%         1
 Blink                    Tloc           N/A        N/A       100%        2
 Call Imp                 Summ           0%         N/A       100%        2
 Slow                     Hex            0%         N/A       100%        2
 Conjure Flame            Conj/Fire      0%         6-21      100%        3
 Mephitic Cloud           Conj/Pois/Air  0%         N/A       100%        3


Dungeon Overview and Level Annotations

Branches:
Dungeon (4/15)
 Temple: D:4-7

Altars:
Okawaru

Annotations:
D:3 Sigmund


Innate Abilities, Weirdness & Mutations

Your movements are slightly less encumbered by armour. (ER -2)
A meltable shield of frost defends you. (SH +4)


Message History

The phantom hits you but does no damage.
You barely miss the phantom.
The phantom is moderately damaged.
You block the kobold's attack.
The phantom hits you but does no damage.
The kobold hits you but does no damage. The phantom barely misses you.
Your shield prevents you from hitting the phantom.
The phantom is moderately damaged.
The kobold hits you with a +0 dagger. You block the phantom's attack.
It was a potion of invisibility.
You fade into invisibility!
The kobold hits you but does no damage. The phantom hits you.
The phantom blinks!
You blink.
You are very lightly contaminated with residual magic.
The kobold is pulled toward you! The phantom closely misses you.
The kobold is pulled toward you!
You slash the phantom!
The phantom is heavily damaged.
You block the kobold's attack. You block the phantom's attack.
The kobold barely misses you.
You riposte.
Your shield and scale mail prevent you from hitting the kobold.
The phantom closely misses you.
You riposte.
You hit the phantom.
The phantom is severely damaged.
You hit the phantom.
The phantom is almost destroyed.
The kobold hits you with a +0 dagger.
* * * LOW HITPOINT WARNING * * *
The phantom hits you but does no damage.
You closely miss the phantom.
The phantom is almost destroyed.
You block the kobold's attack. You block the phantom's attack.
The phantom hits you.
* * * LOW HITPOINT WARNING * * *
The phantom blinks!
You blink.
The kobold is pulled toward you!
You hit the kobold but do no damage. You block the kobold's attack.
You hit the phantom.
The phantom is almost destroyed.
The kobold hits you but does no damage. You block the phantom's attack.
The kobold barely misses you. The phantom hits you!
You die...

..... ####. ....#
..... . ...# #..#.##
. .....###..##<## ...
#..#.#.###..#
....###..)...#...##
#......##.......#####
#...#..W........)..
#......@K...##.....
##....#####.# ..###
##.### ### ## ###


You could see a phantom and a kobold.

Vanquished Creatures
  An orc priest (D:2)
  An orc wizard (D:2)
  2 adders
  2 dart slugs (D:1)
  3 orcs
  7 bats
  5 endoplasms
  4 giant cockroaches
  A goblin (D:1)
  12 hobgoblins
  3 quokkas
  7 ball pythons
  2 frilled lizards
  A kobold (D:3)
  8 rats
59 creatures vanquished.

Notes
Turn   | Place    | Note
-------+----------+-------------------------------------------
     0 | D:1      | kae the Demonspawn Fighter began the quest for the Orb.
     0 | D:1      | Reached XP level 1. HP: 18/18 MP: 1/1
   409 | D:1      | Gained mutation: A meltable shield of frost defends you.
                  | (SH +4) [demonic ancestry]
   409 | D:1      | Reached XP level 2. HP: 17/24 MP: 2/2
   849 | D:1      | Found a faded altar of an unknown god.
  1132 | D:1      | Reached XP level 3. HP: 29/29 MP: 3/3
  2156 | D:2      | Gained mutation: Your movements are slightly less
                  | encumbered by armour. (ER -2) [demonic ancestry]
  2156 | D:2      | Reached XP level 4. HP: 18/37 MP: 4/4
  3087 | D:3      | Reached XP level 5. HP: 38/42 MP: 5/5
  3142 | D:3      | Found an iron altar of Okawaru.
  3202 | D:3      | Became a worshipper of Warmaster Okawaru
  3230 | D:3      | Noticed Sigmund
  3254 | D:4      | Noticed a phantom
  3273 | D:4      | Slain by a phantom

Illustrated notes

Levels and vault maps discovered:
D:1:      kennysheep_arrival_seaside, layout_basic, basic_ecumenical_altar,
          chequers_decorated_corner
D:2:      layout_loops_corners
D:3:      layout_basic, amcnicky_altar_gilded, st_stairs_4, uniq_sigmund,
          uniq_jessica
D:4:      kennysheep_kobold_camp, layout_cave_pools, fedhas_altar_4,
          kennysheep_cross_bottleneck, minmay_fountain_box,
          corexii_checkpoint_a, hangedman_feature_mirror, uniq_robin

Skill      XL: |  1  2  3  4 |
---------------+-------------+-----
Long Blades    | 2 3 4 |  4.0
Fighting       | 4 |  4.0
Armour         | |  2.6
Shields        | |  2.6

Action                   |  1- 3 |  4- 6 || total
-------------------------+-------+-------++-------
Melee: Long sword        |   129 |    61 ||   190
  Use: Scroll            |     3 |     1 ||     4
       Potion            |     1 |     3 ||     4
Armor: Scale mail        |    56 |    35 ||    91
Dodge: Dodged            |    27 |    17 ||    44
Block: Kite shield       |   113 |    54 ||   167
       Rpst.: Long sword |     8 |     3 ||    11

Table legend: (Time is in decaauts)
 A = Elapsed time spent in this place.
 B = Non-inter-level travel time spent in this place.
 C = Inter-level travel time spent in this place.
 D = Time resting spent in this place.
 E = Time spent auto-exploring this place.
 F = Levels seen in this place.
 G = Mean time per level.
                   A        B        C        D        E       F      G
               +--------+--------+--------+--------+--------+-----+--------+
         Total |   3367 |   3260 |    107 |    166 |   2585 |   4 |  841.8 |
       Dungeon |   3367 |   3260 |    107 |    166 |   2585 |   4 |  841.8 |
               +--------+--------+--------+--------+--------+-----+--------+

Top non-repeatable levels by time:
     D:1: 1592 daAuts
     D:2: 1332 daAuts
     D:3: 410 daAuts
     D:4: 31 daAuts
